 Dungeon Crawl Stone Soup version 0.9.0-27-g8a39726 character file.

138 UristmcArmok the Ducker (level 3, 0/18 HPs)
             Began as a Spriggan Transmuter on Sept 4, 2011.
             Slain by a black bear (2 damage)
             ... in the Ecumenical Temple.
             The game lasted 00:21:03 (2471 turns).

UristmcArmok the Ducker (Spriggan Transmuter)       Turns: 2471, Time: 00:21:03

HP   0/18        AC  2     Str  6      XL: 3   Next: 57%
MP   3/8         EV 21     Int 15      God:
Gold 92          SH  0     Dex 21      Spells:  3 memorised,  2 levels left

Res.Fire  : . . .   See Invis. : +   k - melded +2,+3 orc sabre
Res.Cold  : . . .   Warding    : . . v - melded +0 robe
Life Prot.: . . .   Conserve   : .   (shield currently unavailable)
Res.Acid. : . . .   Res.Corr.  : .   (helmet currently unavailable)
Res.Poison: .       Clarity    : .   (cloak currently unavailable)
Res.Elec. : .       Spirit.Shd : .   (gloves unavailable)
Sust.Abil.: . .     Stasis     : .   (boots unavailable)
Res.Mut.  : .       Ctrl.Telep.: .   (no amulet)
Res.Rott. : .       Levitation : .   (no ring)
Saprovore : . . .   Ctrl.Flight: .   w - ring of wizardry

@: spider-form (expires), quick, slightly resistant to hostile enchantments,
fairly stealthy
A: unfitting armour, see invisible, herbivore 3, speed 3, slow metabolism 3
a: End Transformation


You were in the Ecumenical Temple.
You were full.
You were in spider-form.
You visited 2 branches of the dungeon, and saw 5 of its levels.

You collected 72 gold pieces.

Inventory:

Hand weapons
 k - a +2,+3 orcish sabre (melded)
 x - a +0,+0 club
 z - a +0,+0 club
Missiles
 b - 5 poisoned +4 darts
 o - 20 +0 darts of flame
 r - 26 +0 stones (quivered)
 t - 8 +0 arrows of frost
Armour
 v - a +0 robe (melded)
Comestibles
 i - 3 bread rations
 p - a pear
Scrolls
 a - 3 scrolls of enchant weapon I {unknown}
 c - 2 scrolls of identify {unknown}
 g - a scroll of remove curse {unknown}
 l - 2 scrolls of recharging {unknown}
 s - a scroll of random uselessness {unknown}
 u - a scroll of curse jewellery {unknown}
 y - a scroll of detect curse {unknown}
 A - 2 scrolls of teleportation {unknown}
Jewellery
 w - a ring of wizardry (left hand)
Potions
 e - 2 potions of confusion
 f - a potion of poison
 h - a potion of levitation {unknown}
 j - a potion of paralysis {unknown}
 m - a potion of healing {unknown}
 n - a potion of heal wounds {unknown}
 q - 3 potions of water
 B - a potion of mutation {unknown}
 C - a potion of resistance {unknown}
Books
 d - a book of Changes

   Spells                             Type                      Level
   *Fulsome Distillation              Transmutation/Necromancy     1
   *Sticks to Snakes                  Transmutation                2
   Evaporate                          Fire/Transmutation           2
   *Spider Form                       Transmutation/Poison         3
   Ice Form                           Ice/Transmutation            4
   Blade Hands                        Transmutation                5


   Skills:
 + Level 3 Dodging
 + Level 1 Stealth
 + Level 3 Unarmed Combat
 + Level 3 Spellcasting
 + Level 3 Transmutations


You had 2 spell levels left.
You knew the following spells:

 Your Spells              Type           Power        Success   Level  Hunger
a - Fulsome Distillation Trmt/Necr N/A            Very         Good        1    Sultana
b - Sticks to Snakes Trmt ###.......     Very         Good        2    Choko
c - Spider Form           Pois/Trmt      ##........   Good        3    Choko

Dungeon Overview and Level Annotations

Branches:
Dungeon (4/27)             Temple (1/1) D:4

Altars:
Cheibriados
Makhleb
Sif Muna
Trog
Zin


Innate Abilities, Weirdness & Mutations

You are tiny and cannot use many weapons and most armour.
You have supernaturally acute eyesight.
You are a herbivore.
You cover ground extremely quickly.
You need consume almost no food.


Message History

The black bear claws you. The black bear bites you. The black bear misses you.
The black bear closely misses you.
You hit the black bear.
The black bear is moderately wounded.
The black bear barely misses you. The black bear claws you.
The black bear completely misses you. The black bear bites you.
* * * LOW HITPOINT WARNING * * *
The black bear completely misses you. The black bear misses you.
There is a staircase to the Ecumenical Temple here.
Helpless, you fail to dodge the black bear's attack.
The black bear bites you but does no damage.
The black bear misses you. The black bear barely misses you.
The black bear completely misses you. The black bear misses you.
You climb downwards.
Welcome to the Ecumenical Temple!
Found two staircases back to the Dungeon.
There is a staircase back to the Dungeon here.
Your transformation is almost over.
The black bear misses you. The black bear claws you.
You die...

......._.
...........
._...........
..........<....
...............
..........⌠....
........U........
........<.....<..
..._...Us........
.................
.........._....
...............
...............
≈≈≈≈≈≈≈≈≈≈≈≈≈
###########


You could see 2 black bears.

Vanquished Creatures
  Jessica (D:2)
  A giant gecko (D:3)
  5 bats
  2 hobgoblins (D:2)
  A small snake (D:2)
  2 giant newts
  4 goblins
  2 kobolds
  4 rats (D:2)
  A toadstool (D:2)
23 creatures vanquished.

Vanquished Creatures (collateral kills)
  A snake (D:2)
  A rat (D:2)
2 creatures vanquished.

Grand Total: 25 creatures vanquished

Notes
Turn   | Place    | Note
--------------------------------------------------------------
     0 | D:1      | UristmcArmok, the Spriggan Transmuter, began the quest for the Orb.
     0 | D:1      | Reached XP level 1. HP: 10/10 MP: 2/2
    84 | D:1      | Learned a level 1 spell: Fulsome Distillation
   576 | D:2      | Noticed Jessica
   585 | D:2      | Defeated Jessica
   585 | D:2      | Reached XP level 2. HP: 14/14 MP: 5/5
   624 | D:2      | Learned a level 2 spell: Sticks to Snakes
   860 | D:2      | Reached XP level 3. HP: 18/18 MP: 4/8
  1443 | D:2      | Learned a level 3 spell: Spider Form
  2418 | D:4      | Found a staircase to the Ecumenical Temple.
  2453 | D:4      | Found a bloodstained altar of Trog.
  2470 | Temple   | Entered the Ecumenical Temple
  2471 | Temple   | Slain by a black bear
